 Dungeon Crawl Stone Soup version 0.19.5 (webtiles) character file.

310 Diazepam the Archer (level 6, -1/39 HPs)
             Began as a High Elf Hunter on Apr 29, 2017.
             Slain by a hippogriff (5 damage)
             ... on level 4 of the Dungeon.
             The game lasted 00:03:56 (3300 turns).

Diazepam the Archer (High Elf Hunter)               Turns: 3300, Time: 00:03:56

Health: -1/39      AC:  3    Str: 11    XL:     6   Next: 18%
Magic:  16/16      EV: 12    Int: 15    God:
Gold:   254        SH:  0    Dex: 18    Spells: 0 memorised, 5 levels left

rFire  . . .     SeeInvis .     a - +1 shortbow
rCold  . . .     Gourm    .     c - +0 leather armour
rNeg   . . .     Faith    .     (shield currently unavailable)
rPois  .         Spirit   .     (no helmet)
rElec  .         Reflect  .     (no cloak)
rCorr  .         Harm     .     (no gloves)
MR     .....                    (no boots)
Stlth  ++........               (no amulet)
                                (no ring)
                                u - ring of magical power

@: no status effects
A: no striking features
a: no special abilities


You were on level 4 of the Dungeon.
You were not hungry.

You visited 1 branch of the dungeon, and saw 4 of its levels.

You collected 254 gold pieces.

Inventory:

Hand Weapons
 a - a +1 shortbow (weapon)
 b - a +0 short sword
Missiles
 d - 28 arrows (quivered)
Armour
 c - a +0 leather armour (worn)
Jewellery
 u - a ring of magical power (left hand)
Scrolls
 e - 6 scrolls of identify {unknown}
 h - 2 scrolls of enchant armour {unknown}
 i - a scroll of blinking {unknown}
 j - a scroll of teleportation {unknown}
 l - a scroll of remove curse {unknown}
 m - a scroll of amnesia {unknown}
 q - a scroll of recharging {unknown}
 s - a scroll of enchant weapon {unknown}
Potions
 g - a potion of flight {unknown}
 k - a potion of might {unknown}
 n - a potion of magic {unknown}
 o - 3 potions of cancellation {unknown}
 p - a potion of cure mutation {unknown}
 r - 2 potions of lignification {unknown}
 t - a potion of degeneration {unknown}
 v - a potion of resistance {unknown}
Comestibles
 f - 4 bread rations
 w - 3 fruits


   Skills:
 - Level 2.0 Fighting
 + Level 9.8 Bows
 - Level 2.1 Dodging
 - Level 1.1 Stealth


You had 5 spell levels left.
You didn't know any spells.

Dungeon Overview and Level Annotations

Branches:
Dungeon (4/15)
 Temple: D:4-7

Altars:
Gozag
Qazlal


Message History

Firing (i - inventory):
d - 31 arrows (quivered)
Press: ? - help, Shift-Dir - straight line, f/p - hippogriff
Aim: a hippogriff (heavily wounded)
You shoot an arrow. The arrow hits the hippogriff.
The hippogriff is heavily wounded.
Firing (i - inventory):
d - 30 arrows (quivered)
Press: ? - help, Shift-Dir - straight line, f/p - hippogriff
Aim: a hippogriff (heavily wounded)
You shoot an arrow. The arrow barely misses the hippogriff.
The hippogriff bites you. The hippogriff barely misses you.
The hippogriff claws you.
Firing (i - inventory):
d - 29 arrows (quivered)
Press: ? - help, Shift-Dir - straight line, f/p - hippogriff
Aim: a hippogriff (heavily wounded)
You shoot an arrow. The arrow hits the hippogriff.
The hippogriff is heavily wounded.
The hippogriff barely misses you. The hippogriff pecks you!
* * * LOW HITPOINT WARNING * * *
The hippogriff claws you.
You die...

###### #....######
#/......(.. #..(...(...
#.....(.. #....(.
#...H###########
#..@.#.........#####
###....#.........#....
..................'....
#########.........#....
#.............###......
#.###########.# #.##.#.
#.# #.# #.##.#. #.# #.#
#.##.## #.# #.# #.##..


You could see a hippogriff.

Vanquished Creatures
  A hungry ghost (D:3)
  A worker ant (D:4)
  An orc wizard (D:4)
  4 adders
  4 worms
  3 leopard geckos (D:2)
  4 orcs (D:4)
  3 ball pythons
  8 bats
  6 giant cockroaches
  8 goblins
  8 hobgoblins
  6 jackals
  A quokka (D:3)
  6 frilled lizards
  9 kobolds
  A rat (D:2)
74 creatures vanquished.

Notes
Turn   | Place    | Note
-------+----------+-------------------------------------------
     0 | D:1      | Diazepam the High Elf Hunter began the quest for the Orb.
     0 | D:1      | Reached XP level 1. HP: 14/14 MP: 2/2
   165 | D:1      | Reached XP level 2. HP: 13/19 MP: 3/3
   300 | D:1      | Reached skill level 6 in Bows
   980 | D:2      | Reached XP level 3. HP: 15/24 MP: 4/4
  1270 | D:2      | Reached skill level 7 in Bows
  1323 | D:2      | Found a stormy altar of Qazlal.
  1324 | D:2      | Noticed a fire elemental
  1332 | D:2      | Noticed an air elemental
  1332 | D:2      | Noticed an earth elemental
  1332 | D:2      | Noticed a water elemental
  1510 | D:1      | Reached XP level 4. HP: 8/29 MP: 5/5
  2306 | D:3      | Noticed a hungry ghost
  2334 | D:3      | Killed a hungry ghost
  2334 | D:3      | Reached skill level 9 in Bows
  2334 | D:3      | Reached XP level 5. HP: 26/34 MP: 6/6
  2980 | D:4      | Found an opulent altar of Gozag.
  3042 | D:4      | Reached XP level 6. HP: 39/39 MP: 7/7
  3291 | D:4      | Noticed a hippogriff
  3300 | D:4      | Slain by a hippogriff

Skill      XL: |  1  2  3  4 |
---------------+-------------+-----
Bows           | 6 7 9 |  9.8
Fighting       | |  2.0
Dodging        | |  2.1
Stealth        | |  1.1

Action                   |  1- 3 |  4- 6 || total
-------------------------+-------+-------++-------
 Fire: Shortbow          |   157 |    97 ||   254
  Eat: Bread ration      |     1 |       ||     1
       Meat ration       |       |     1 ||     1
       Pizza             |       |     1 ||     1
Armor: Leather armour    |    26 |     7 ||    33
Dodge: Dodged            |    63 |    15 ||    78
